 Dungeon Crawl Stone Soup version 0.29.1-13-g9f3cf754e1 (webtiles) character file.

Game seed: 7766242106759065051

10293 croobank the Summoner (level 11, -2/49 HPs)
             Began as a Felid Transmuter on Jan 26, 2023.
             Was an Initiate of Gozag.
             Shot with an arrow by a centaur warrior (23 damage)
             ... on level 11 of the Dungeon.
             The game lasted 01:19:51 (19665 turns).

croobank the Summoner (Felid Transmuter)           Turns: 19665, Time: 01:19:51

Health: -2/49      AC:  2    Str:  6    XL:     11   Next: 34%
Magic:  0/21       EV: 33    Int: 19    God:    Gozag
Gold:   546        SH:  0    Dex: 22    Spells: 4/23 levels left
                                        Lives:  0   Deaths: 3

rFire   . . .      SeeInvis +     - Unarmed
rCold   . . .      Faith    .   (shield unavailable)
rNeg    . . .      Spirit   +   (body armour unavailable)
rPois   .          Reflect  .   (helmet unavailable)
rElec   .          Harm     .   (cloak unavailable)
rCorr   .          Rampage  .   (gloves unavailable)
Will    +....                   (boots unavailable)
Stlth   ++........              x - amulet of guardian spirit
HPRegen 0.16/turn               l - +4 ring of evasion
MPRegen 0.17/turn               f - ring of poison resistance

@: spider-form
A: venomous fangs, tiny, (claws 1), (fangs 3), see invisible, (speed 1), (shaggy
fur 2), (stealthy paws), no weapons or thrown items, no armour, multi-lived,
(large bone plates 1)
a: End Transformation, Renounce Religion, Potion Petition, Call Merchant, Bribe
Branch


You were on level 11 of the Dungeon.
You worshipped Gozag.
Gozag was pleased with you.
You were a venomous arachnid creature.
You visited 2 branches of the dungeon, and saw 12 of its levels.
You also visited: Sewer.

You collected 1743 gold pieces.
You spent 676 gold pieces at shops.
You paid 521 gold pieces to Gozag.

Inventory:

Jewellery
 d - a ring of willpower
 f - a ring of poison resistance (right front leg)
 k - a ring of wizardry
 l - a +4 ring of evasion (left front leg)
 p - a +6 ring of dexterity
 u - a +4 ring of protection
 v - a ring of flight
 x - an amulet of guardian spirit (around neck)
Wands
 n - a wand of flame (5)
Scrolls
 c - a scroll of blinking
 m - a scroll of amnesia
 w - a scroll of identify
Potions
 a - 3 potions of lignification
 b - 5 potions of attraction
 e - 2 potions of cancellation
 g - a potion of curing
 h - 2 potions of might
 j - 3 potions of haste
 o - 2 potions of brilliance
 r - 2 potions of magic
 s - a potion of resistance
 t - a potion of flight


   Skills:
 + Level 6.9 Fighting
 + Level 9.5 Dodging
 + Level 7.5 Unarmed Combat
 + Level 6.5 Spellcasting
 + Level 1.8 Hexes
 - Level 10.2 Summonings
 + Level 1.7 Translocations
 + Level 7.8 Transmutations
 - Level 5.3 Ice Magic
 - Level 4.5 Poison Magic


You had 4 spell levels left.
You knew the following spells:

 Your Spells              Type           Power      Damage    Failure   Level
a - Beastly Appendage     Tmut           72%        N/A       3%          1
b - Wereblood             Tmut           36%        N/A       4%          2
c - Spider Form           Tmut/Pois      29%        N/A       10%         3
d - Summon Guardian Gole  Hex/Summ       29%        N/A       10%         3
e - Frozen Ramparts       Ice            52%        1d8       12%         3
f - Freeze                Ice            100%       1d11      5%          1
g - Ice Form              Ice/Tmut       31%        N/A       19%         4
h - Blink                 Tloc           24%        N/A       21%         2

Your spell library contained the following spells:

 Spells                   Type           Power      Damage    Failure   Level
 Teleport Other           Tloc           12%        N/A       34%         3
 Olgreb's Toxic Radiance  Pois           23%        N/A       36%         4
 Dazzling Flash           Conj/Hex       18%        N/A       43%         3
 Hailstorm                Conj/Ice       16%        3d6       56%         4
 Passage of Golubria      Tloc           12%        N/A       67%         4
 Metabolic Englaciation   Hex/Ice        9%         N/A       77%         5
 Ozocubu's Refrigeration  Ice            13%        4d10      100%        7
 Ignition                 Fire           3%         3d4       100%        8


Dungeon Overview and Level Annotations

Branches:
Dungeon (11/15)            Temple (1/1) D:4            Lair (0/5) D:10
  Sewer (visited)
    Orc: D:9-12

Altars:
Ashenzari
Cheibriados
Dithmenos
Elyvilon
Fedhas
Gozag
Hepliaklqana
Kikubaaqudgha
Makhleb
Nemelex Xobeh
Okawaru
Qazlal
Ru
Sif Muna
Trog
Uskayaw
Vehumet
Wu Jian
Xom
Yredelemnul
Zin
The Shining One
Jiyva

Shops:
D:1 :   D:4 =   D:6 [   D:8 :

Annotations:
D:2 1 runed translucent door, Crazy Yiuf
D:10 3 runed translucent doors, exclusion: oklob plant, sigtrap's ghost, journeyman SpBe


Innate Abilities, Weirdness & Mutations

You are a venomous arachnid creature.
You have poisonous fangs.
You are tiny and dextrous.
Your spellcasting is less reliable in this form.
((You have sharp claws.))
((You have razor-sharp teeth.))
You have supernaturally acute eyesight. (SInv)
((You cover ground quickly. (Speed+)))
((You are covered in thick fur. (AC +2)))
((Your paws help you pounce on unaware monsters.))
You are incapable of wielding weapons or throwing items.
You cannot wear armour.
You gain extra lives every three experience levels.
((You are partially covered in large bone plates. (SH +4)))


Message History

The centaur warrior is engulfed in blazing flames.
Flame seeps out of the centaur warrior.
The centaur shoots an arrow.
The arrow barely misses you.
The centaur warrior shoots an arrow.
The arrow hits you.
The centaur shoots an arrow.
The arrow closely misses you.
The centaur shoots an arrow.
The arrow completely misses you.
Aiming: Throw Flame
Press: ? - help, Shift-Dir - straight line, f/p - centaur warrior
Aim: a centaur warrior, wielding a +0 longbow (severely wounded, inner flame, 77% to hit)
The puff of flame hits the centaur warrior.
Flame seeps out of the centaur warrior.
The centaur warrior is severely wounded.
The centaur shoots an arrow.
The arrow completely misses you.
The centaur shoots an arrow.
The arrow barely misses you.
The centaur warrior is engulfed in blazing flames.
Flame seeps out of the centaur warrior.
The centaur warrior shoots an arrow.
The arrow hits you!!
* * * LOW HITPOINT WARNING * * *
The centaur shoots an arrow.
The arrow misses you.
The centaur shoots an arrow.
The arrow misses you.
The centaur warrior shoots an arrow.
The arrow closely misses you.
The centaur shoots an arrow.
The arrow hits you!
* * * LOW HITPOINT WARNING * * *
The centaur shoots an arrow.
The arrow misses you.
You feel much better.
The centaur shoots an arrow.
The arrow completely misses you.
The centaur shoots an arrow.
The arrow completely misses you.
The centaur warrior shoots an arrow.
The arrow misses you.
The centaur warrior shoots an arrow.
The arrow misses you.
Okay, then.
The centaur warrior shoots an arrow.
The arrow misses you.
Aiming: Throw Flame
Press: ? - help, Shift-Dir - straight line, f/p - centaur warrior
Aim: a centaur warrior, wielding a +0 longbow (severely wounded, inner flame, 77% to hit)
The puff of flame hits the centaur warrior but does no damage.
The centaur warrior is severely wounded.
The centaur warrior shoots an arrow.
The arrow hits you!
The centaur warrior shoots an arrow.
The arrow misses you.
The centaur warrior shoots an arrow.
The arrow hits you!!
You die...
Your body crumbles into a pile of gold.

#.# #.#$ $ $ #.# #.# $
$ #.# #.###########
######## #...........#
#..##..#
#...........###..##..#
#.........s...cc.##..#
#..##.......####.##..#
#..##.......# #.##..#
#..##.......# #.c...#
$ #..##.......#
#cc..c# #..##.......#
#.9....c.. #..
#.......# #..........
#.......# #......#....
#.......# #......#....


You could see a centaur warrior (inner flame) and a centaur (inner flame).

Vanquished Creatures
  Harold (D:10)
  A two-headed ogre (D:9)
  Pikel (D:7)
  A cyclops (D:10)
  Joseph (D:7)
  An unseen horror (D:10)
  A kobold demonologist (D:9)
  A troll (D:9)
  2 hornets (D:9)
  Sigmund (D:2)
  Eustachio (D:4)
  2 wyverns
  A steam dragon (D:9)
  Duvessa (D:7)
  2 water moccasins
  2 orc warriors
  An ogre (D:5)
  3 centaurs
  2 lemures (D:7)
  A necrophage (D:6)
  A gnoll sergeant (D:6)
  3 bullfrogs
  2 scorpions
  Dowan (D:7)
  3 wights (D:6)
  3 killer bees (D:7)
  4 howler monkeys
  3 orc priests
  A jelly (D:5)
  2 hounds
  A gnoll bouda (D:9)
  Jessica (D:3)
  2 iguanas (D:6)
  9 orc wizards
  Robin (D:3)
  9 gnolls
  6 adders
  2 shadow imps (D:6)
  A white imp (D:5)
  3 ufetubi
  5 worms
  2 dart slugs (D:2)
  16 orcs
  9 ball pythons
  6 endoplasms
  3 giant cockroaches
  14 goblins
  15 hobgoblins
  4 quokkas
  6 bats
  6 frilled lizards
  15 kobolds
  8 rats
194 creatures vanquished.

Vanquished Creatures (others)
  3 two-headed ogres
  A deep elf pyromancer (D:10)
  A gargoyle (D:9)
  A komodo dragon (D:10)
  A troll (D:10)
  A hornet (D:9)
  3 yaks (D:9)
  A wyvern (D:9)
  A vampire mosquito (D:9)
  An acid dragon (D:10)
  3 water moccasins
  5 orc warriors
  6 centaurs
  2 kobold brigands (D:9)
  8 wights
  2 howler monkeys
  2 jellies (D:8)
  An orc wizard (D:9)
  A gnoll (D:9)
  2 orcs
  2 fungi (D:2)
  5 plants (D:2)
53 creatures vanquished.

Grand Total: 247 creatures vanquished

Notes
Turn   | Place    | Note
-------+----------+-------------------------------------------
     0 | D:1      | croobank the Felid Transmuter began the quest for the Orb.
     0 | D:1      | Reached XP level 1. HP: 9/9 MP: 4/4
   554 | D:1      | Reached XP level 2. HP: 11/12 MP: 6/6
   557 | D:1      | Learned a level 2 spell: Wereblood
   787 | D:1      | Found Daloamow's Vocational Training.
  1071 | D:2      | Found an ancient bone altar of Kikubaaqudgha.
  1123 | D:2      | Reached XP level 3. HP: 16/16 MP: 3/7
  1134 | D:2      | Reached XP level 4. HP: 10/19 MP: 3/8
  1150 | D:2      | Slain by an adder
  1151 | D:2      | Reached XP level 3. HP: -2/16 MP: 3/7
  1165 | D:2      | Noticed Sigmund
  1174 | D:2      | Killed Sigmund
  1175 | D:2      | Reached XP level 4. HP: 20/20 MP: 6/9
  1175 | D:2      | Reached XP level 5. HP: 23/23 MP: 6/10
  1497 | D:2      | Gained mutation: You are covered in thick fur. (AC +2)
                  | [Felid growth]
  1497 | D:2      | Reached XP level 6. HP: 7/27 MP: 8/11
  1857 | D:2      | Learned a level 3 spell: Spider Form
  2131 | D:2      | Learned a level 4 spell: Ice Form
  2315 | D:2      | Found a faded altar of an unknown god.
  2375 | D:2      | Found a runed translucent door.
  2376 | D:2      | Noticed Crazy Yiuf
  2964 | D:3      | Found a glowing drain.
  2987 | Sewer    | Entered a sewer
  3073 | Sewer    | Noticed a water moccasin
  3080 | Sewer    | Killed a water moccasin
  3341 | D:3      | Noticed Jessica
  3364 | D:3      | Killed Jessica
  3365 | D:3      | Reached skill level 5 in Dodging
  3632 | D:3      | Identified the +1 pair of gloves of Jotoem {Slay+3}
  3830 | D:3      | Noticed Robin
  3842 | D:3      | Reached skill level 1 in Poison Magic
  3853 | D:3      | Killed Robin
  3854 | D:3      | Reached XP level 7. HP: 27/31 MP: 6/13
  4218 | D:4      | Found Xeofetz's Jewellery Shoppe.
  4243 | D:4      | Found a staircase to the Ecumenical Temple.
  4273 | Temple   | Entered the Ecumenical Temple
  4293 | Temple   | Became a worshipper of Gozag Ym Sagoz the Greedy
  4600 | D:4      | Reached skill level 1 in Ice Magic
  5732 | D:4      | Noticed Eustachio
  5757 | D:4      | Killed Eustachio
  6137 | D:5      | Entered Level 5 of the Dungeon
  6189 | D:5      | Found a blossoming altar of Fedhas.
  6208 | D:5      | Found a basalt altar of Yredelemnul.
  7261 | D:6      | Found Ycisch Deyn's Antique Armour Shoppe.
  7864 | D:4      | Bought a ring of poison resistance for 200 gold pieces
  7932 | D:6      | Reached XP level 8. HP: 35/36 MP: 11/14
  8121 | D:6      | Identified the +9 rapier "Uzirgh" {spect, rF++ rC+ MP+9
                  | Dex-3}
  8608 | D:6      | Reached skill level 5 in Unarmed Combat
  8731 | D:6      | Noticed a two-headed ogre
  9745 | D:6      | Reached skill level 5 in Transmutations
  9887 | D:7      | Noticed Duvessa
  9887 | D:7      | Noticed Dowan
  9902 | D:7      | Killed Dowan
  9911 | D:7      | Killed Duvessa
 10248 | D:7      | Noticed Joseph
 10271 | D:7      | Killed Joseph
 10450 | D:7      | Noticed Pikel
 10640 | D:8      | Reached XP level 9. HP: 29/39 MP: 11/16
 10973 | D:7      | Learned a level 3 spell: Frozen Ramparts
 11033 | D:7      | HP: 1/39 [killer bee (9)]
 11035 | D:7      | Mangled by a killer bee
 11036 | D:7      | Reached XP level 8. HP: -6/36 MP: 10/15
 11123 | D:7      | Learned a level 1 spell: Freeze
 11154 | D:7      | Killed Pikel
 11155 | D:7      | Reached skill level 5 in Fighting
 11155 | D:7      | Reached skill level 5 in Spellcasting
 11510 | D:8      | Found Rivvo's Book Shop.
 11649 | D:8      | Reached skill level 10 in Summonings
 11649 | D:8      | Reached XP level 9. HP: 40/40 MP: 17/17
 11718 | D:8      | Bought the Dissertation on Bewitchment and Transmutation
                  | for 476 gold pieces
 11728 | D:7      | Learned a level 3 spell: Summon Guardian Golem
 12938 | D:8      | Reached XP level 10. HP: 44/44 MP: 10/18
 13857 | D:9      | Noticed a two-headed ogre
 13875 | D:9      | Killed a two-headed ogre
 13907 | D:9      | Gained mutation: Your spells are a little easier to cast,
                  | but a little less powerful. [a neqoxec]
 13912 | D:9      | Noticed a soul eater
 13915 | D:9      | Gained mutation: You occasionally lose the ability to read
                  | scrolls when taking damage. [a neqoxec]
 14280 | D:8      | Lost mutation: You occasionally lose the ability to read
                  | scrolls when taking damage. [potion of mutation]
 14280 | D:8      | Lost mutation: Your spells are a little easier to cast, but
                  | a little less powerful. [potion of mutation]
 14280 | D:8      | Gained mutation: You occasionally shout uncontrollably at
                  | your foes. [potion of mutation]
 14280 | D:8      | Lost mutation: You occasionally shout uncontrollably at
                  | your foes. [potion of mutation]
 14280 | D:8      | Gained mutation: You are partially covered in large bone
                  | plates. (SH +4) [potion of mutation]
 14403 | D:9      | Noticed a gargoyle
 14551 | D:9      | Noticed a two-headed ogre
 14610 | D:9      | Slain by a two-headed ogre
 14611 | D:9      | Reached XP level 9. HP: 0/41 MP: 5/18
 14792 | D:9      | Noticed a two-headed ogre
 14810 | D:9      | Killed a two-headed ogre
 14811 | D:9      | Reached XP level 10. HP: 45/45 MP: 8/19
 15834 | D:9      | Killed a gargoyle
 16699 | D:9      | Killed a two-headed ogre
 16700 | D:9      | Reached skill level 5 in Ice Magic
 17060 | D:10     | Entered Level 10 of the Dungeon
 17065 | D:10     | Found a runed translucent gate.
 17065 | D:10     | Found a runed translucent gate.
 17065 | D:10     | Found a runed translucent gate.
 17068 | D:10     | Found a viscous altar of Jiyva.
 17068 | D:10     | Noticed sigtrap's ghost (journeyman SpBe)
 17068 | D:10     | Noticed a glowing orange brain
 17267 | D:10     | Noticed a two-headed ogre
 17268 | D:10     | Noticed a deep elf pyromancer
 17269 | D:10     | Noticed a cyclops
 17329 | D:10     | Killed a two-headed ogre
 17364 | D:10     | Reached XP level 11. HP: 47/49 MP: 2/21
 17702 | D:10     | Killed a deep elf pyromancer
 17911 | D:10     | Identified the +8 spear "Inoth" {freeze, rPois Str+3}
 18338 | D:10     | Found a staircase to the Lair.
 18348 | D:10     | Got the Guide on Translocation
 18352 | D:10     | Learned a level 2 spell: Blink
 18357 | D:10     | Noticed an oklob plant
 18689 | D:10     | Noticed Harold
 18711 | D:10     | Killed Harold
 18712 | D:10     | Reached skill level 1 in Hexes
 18712 | D:10     | Reached skill level 1 in Translocations
 19365 | D:10     | Identified the +2 ring mail "Fazina" {Int+2 Dex+5}
 19640 | D:11     | Noticed a centaur warrior
 19665 | D:11     | Shot with an arrow by a centaur warrior

Illustrated notes

Levels and vault maps discovered:
D:1:      dpeg_arrival_stonehenge_8_columns, layout_basic,
          nicolae_shop_vocational
D:2:      cheibrodos_pilgrimage, layout_basic, basic_altar,
          shapermc_ecumenical_altar_mp_urbaneastern, uniq_sigmund,
          uniq_crazy_yiuf_cottage
D:3:      layout_basic, portal_sewer_entry_b, uniq_robin, uniq_jessica
D:4:      layout_basic, minmay_temple_entry_ruins, serial_shops,
          nicolae_lakefront_shop, uniq_eustachio
D:5:      layout_loops_ring, nicolae_overflow_hidden_temple
D:6:      layout_gridville, serial_shops, shop
D:7:      dreamdust_elfheim, layout_gridville, enter_bailey_7, uniq_joseph,
          uniq_pikel
D:8:      layout_gridville, serial_shops, nicolae_shop_stone, serial_park_tiny_1
D:9:      minmay_four_partial_circles, layout_basic, minmay_starry_boxes
D:10:     layout_grid_maze, dpeg_oklobed_lair, gammafunk_ghost_ooze,
          minmay_mirror_moons_of_madness, uniq_harold
D:11:     layout_long_grid, erik_orc_1, onia_ninara_dug_in_and_dangerous
Temple:   nicolae_temple_bog_church

Skill      XL: |  1  2  3  4  5  6  7  8  9 10 11 |
---------------+----------------------------------+-----
Dodging        | 3 4 5 7 9 |  9.5
Fighting       | 2 3 5 6 |  6.9
Spellcasting   | 3 5 6 |  6.5
Transmutations | 3 4 6 7 |  7.8
Unarmed Combat | 4 5 6 7 |  7.5
Poison Magic   | 1 2 4 |  4.5
Ice Magic      | 1 2 3 5 |  5.3
Summonings     | 10 | 10.2
Hexes          | 1 |  1.8
Translocations | 1 |  1.7

Action                   |  1- 3 |  4- 6 |  7- 9 | 10-12 || total
-------------------------+-------+-------+-------+-------++-------
Melee: Unarmed           |    44 |   176 |   328 |   154 ||   702
       Bite              |     8 |    10 |    10 |     2 ||    30
       Headbutt          |     8 |    16 |    22 |     6 ||    52
       Punch             |       |     4 |     6 |     2 ||    12
 Cast: Beastly Appendage |    14 |    30 |    32 |    18 ||    94
       Wereblood         |     4 |    27 |    37 |    15 ||    83
       Spider Form       |       |     6 |    29 |    30 ||    65
       Frozen Ramparts   |       |       |     1 |     4 ||     5
       Freeze            |       |       |     1 |       ||     1
       Summon Guardian G |       |       |     9 |    72 ||    81
       Ice Form          |       |       |       |     1 ||     1
Invok: Potion Petition   |       |       |       |     1 ||     1
 Abil: End Transformatio |       |       |     2 |       ||     2
Evoke: Wand              |       |     1 |     8 |    15 ||    24
  Use: Potion            |     1 |     5 |     8 |     9 ||    23
       Scroll            |       |       |    23 |     4 ||    27
 Stab: Sleeping          |       |     1 |     1 |       ||     2
       Distracted        |       |       |     1 |       ||     1
       Invisible         |       |       |       |     1 ||     1
Armor: Skin              |     5 |    37 |    16 |    16 ||    74
Dodge: Dodged            |    22 |   124 |   377 |   302 ||   825
Block: Other             |       |       |       |     8 ||     8
